cohdb
Replays
Latest Replays
All Replays
Popular Replays
Top Player Replays
Match Explorer
How It Works
Community
CoH3 Stats
Reddit
Sign in to upload your games and track your stats! →
Sign in with Steam
Match 43286299
Unlisted
Match 43286299
Overview
Messages
Build Orders
End
Kettenkrad Recon Vehicle
Construct Infanterie Kompanie
Selects Terror Battlegroup
Selects Machine Gun Camouflage
MG 42 Machine Gun Team
GrW 34 Mortar Team
Grenadier Squad
Grenadier Squad
Construct Luftwaffe Kompanie
GrW 34 Mortar Team
Selects Contempt for the Weak
221 Scout Car
Jäger Squad
Support Elements
MG 42 Machine Gun Team
Guderian ITA
Fajolada
paracetamol
Thank_U_Trump
0
0
Comments
sign in to comment!
No comments posted yet!